 Dungeon Crawl Stone Soup version 0.25-a0-294-gea9b1ad378 (webtiles) character file.

Game seed: 11364884139113349934, levelgen mode: classic

43 Borgoz the Skirmisher (level 3, -3/23 HPs)
             Began as a Gargoyle Berserker on Dec 19, 2019.
             Was a Believer of Trog.
             Slain by an ogre
             ... wielding a +0 giant club
              (17 damage)
             ... on level 2 of the Dungeon.
             The game lasted 00:01:07 (1121 turns).

Borgoz the Skirmisher (Gargoyle Berserker)          Turns: 1121, Time: 00:01:08

Health: -3/23      AC:  8    Str: 20    XL:     3   Next: 58%
Magic:  3/3        EV: 12    Int:  7    God:    Trog [**....]
Gold:   74         SH:  0    Dex: 10    Spells: 2/2 levels left

rFire    + . .     SeeInvis .   a - +0 falchion
rCold    . . .     Gourm    .   (no shield)
rNeg     + . .     Faith    .   e - +2 leather armour {rF+}
rPois    ∞         Spirit   .   (no helmet)
rElec    +         Reflect  .   (no cloak)
rCorr    .         Harm     .   (no gloves)
MR       .....                  (no boots)
Stlth    +.........             f - amulet of regeneration
HPRegen  0.47/turn              (no ring)
MPRegen  0.08/turn              (no ring)

@: no status effects
A: negative energy resistance 1, electricity resistance, unbreathing,
petrification resistance, rot immunity, AC +3
a: Berserk, Trog's Hand, Renounce Religion


You were on level 2 of the Dungeon.
You worshipped Trog.
Trog was pleased with you.
You were not hungry.

You visited 1 branch of the dungeon, and saw 2 of its levels.

You collected 74 gold pieces.

Inventory:

Hand Weapons
 a - a +0 falchion (weapon)
Armour
 e - a +2 leather armour of fire resistance (worn)
Jewellery
 f - an amulet of regeneration (around neck)
Scrolls
 h - 2 scrolls of teleportation {unknown}
 j - a scroll of enchant armour {unknown}
Potions
 b - a potion of berserk rage {unknown}
 d - a potion of heal wounds {unknown}
 g - a potion of curing {unknown}
Comestibles
 c - 4 rations
 i - 2 chunks of flesh


   Skills:
 + Level 3.6 Fighting
 * Level 3.3 Long Blades
 + Level 2.6 Armour
 + Level 2.0 Dodging


You had 2 spell levels left.
You didn't know any spells.
Your spell library was empty.

Dungeon Overview and Level Annotations

Branches:
Dungeon (2/15)

Altars:
Trog

Annotations:
D:2 1 runed translucent door, Crazy Yiuf


Innate Abilities, Weirdness & Mutations

You are resistant to torment.
Your stone body is resilient. (AC +3)
You are immune to poison.
You resist negative energy. (rN+)
You are resistant to electric shocks. (rElec)
You can survive without breathing.
You are immune to petrification.
You are immune to rotting.


Message History

The ogre shouts!
You hit the ogre.
The ogre is moderately wounded.
The ogre closely misses you.
You hit the ogre but do no damage.
The ogre is moderately wounded.
The ogre hits you with a +0 giant club!
You hit the ogre.
The ogre is moderately wounded.
You hit the ogre.
The ogre is moderately wounded.
The ogre misses you.
You hit the ogre.
The ogre is moderately wounded.
The ogre misses you.
You hit the ogre.
The ogre is moderately wounded.
The ogre hits you with a +0 giant club!
Ouch! That really hurt!
You die...

##.))♣♣♣ ♣♣#..)# #.# ####♣ ###
#.# #.# #.# ######### #.#
#.......# #.# ### #.#####.#
#.# ..# #.# #.####.# #)# #.#
#.# #..@O..# #.# #.## #.#
#.###### #.# ...#####.#####.#
#.#
.#.............#############.#
...###.###..##..............>#
..####..##..##################
........÷...# ####.####...#
##.....##[.)#


You could see an ogre.

Vanquished Creatures
  2 oozes
  A dart slug (D:1)
  A leopard gecko (D:1)
  A giant cockroach (D:1)
  A goblin (D:2)
  3 hobgoblins (D:2)
  2 jackals (D:2)
  5 bats
  3 frilled lizards
  5 kobolds
  8 rats
32 creatures vanquished.

Notes
Turn   | Place    | Note
-------+----------+-------------------------------------------
     0 | D:1      | Borgoz the Gargoyle Berserker began the quest for the Orb.
     0 | D:1      | Reached XP level 1. HP: 14/14 MP: 1/1
   134 | D:1      | Reached XP level 2. HP: 19/19 MP: 2/2
   809 | D:2      | Reached XP level 3. HP: 20/23 MP: 3/3
   847 | D:2      | Found a runed translucent door.
   848 | D:2      | Noticed Crazy Yiuf
   979 | D:2      | Found a bloodstained altar of Trog.
   994 | D:2      | Reached ** piety under Trog
  1114 | D:2      | Noticed an ogre
  1121 | D:2      | Slain by an ogre

Levels and vault maps discovered:
D:1:      scummos_arrival_forest, layout_basic, wad_floor_pattern_untrapped
D:2:      layout_loops_ring, old_standard_altar, led_sif_pool,
          uniq_crazy_yiuf_cottage

Skill      XL: |  1  2  3 |
---------------+----------+-----
Long Blades    | 3 |  3.3
Dodging        | 2 |  2.0
Fighting       | |  3.6
Armour         | |  2.6

Action                   || total
-------------------------++-------
Melee: Falchion          ||   113
  Eat: Chunk             ||     1
Armor: Leather armour    ||    40
       Animal skin       ||     2
Dodge: Dodged            ||    79
       Rpst.: Falchion   ||    25

Table legend:
 A = Non-vault XP
 B = Vault XP
 C = Vault XP percentage of total XP
 D = Non-vault monster count
 E = Vault monster count
 F = Vault count percentage of total count
                 A         B        C        D         E       F
            +---------+---------+-------+---------+---------+-------
      Total |      62 |       0 |   0.0 |      32 |       0 |   0.0
            +---------+---------+-------+---------+---------+-------
        D:1 |      31 |       0 |   0.0 |      16 |       0 |   0.0
        D:2 |      31 |       0 |   0.0 |      16 |       0 |   0.0
            +---------+---------+-------+---------+---------+-------
